 Dungeon Crawl Stone Soup version 0.28-a0-779-g3d1f99b579 (webtiles) character file.

Game seed: 18234677805629684354

75 ytrimaz the Skirmisher (level 4, -1/37 HPs)
             Began as a Demonspawn Berserker on Nov 2, 2021.
             Was a Follower of Trog.
             Slain by an orc (4 damage)
             ... on level 4 of the Dungeon.
             The game lasted 00:03:10 (2805 turns).

ytrimaz the Skirmisher (Demonspawn Berserker)       Turns: 2805, Time: 00:03:10

Health: -1/37      AC:  2    Str: 19    XL:     4   Next: 11%
Magic:  4/4        EV: 12    Int:  8    God:    Trog [*.....]
Gold:   94         SH:  4    Dex: 12    Spells: 3/3 levels left

rFire   . . .      SeeInvis .   a - +0 hand axe
rCold   . . .      Faith    .   (no shield)
rNeg    . . .      Spirit   .   b - +0 animal skin
rPois   .          Reflect  .   (no helmet)
rElec   .          Harm     .   (no cloak)
rCorr   .          Rampage  .   (no gloves)
Will    .....                   (no boots)
Stlth   +.........              (no amulet)
HPRegen 0.12/turn               (no ring)
MPRegen 0.18/turn               (no ring)

@: brilliant, on berserk cooldown, slowed, very slow
A: large bone plates 1, magic regeneration
a: Renounce Religion, Berserk


You were on level 4 of the Dungeon.
You worshipped Trog.
Trog was aware of your devotion.
You visited 1 branch of the dungeon, and saw 4 of its levels.

You collected 94 gold pieces.

Inventory:

Hand Weapons
 a - a +0 hand axe (weapon)
Armour
 b - a +0 animal skin (worn)
Jewellery
 f - a ring of resist corrosion
Wands
 l - a wand of acid (8)
Scrolls
 c - 2 scrolls of identify {unknown}
 h - a scroll of immolation {unknown}
 i - a scroll of vulnerability {unknown}
 j - 2 scrolls of teleportation {unknown}
Potions
 e - a potion of invisibility {unknown}
 g - a potion of brilliance
 k - a potion of mutation {unknown}


   Skills:
 + Level 3.7 Fighting
 + Level 3.6 Axes
 + Level 1.8 Armour
 + Level 2.2 Dodging
 + Level 0.7 Shields


You had 3 spell levels left.
You didn't know any spells.
Your spell library was empty.

Dungeon Overview and Level Annotations

Branches:
Dungeon (4/15)
 Temple: D:4-7

Altars:


Innate Abilities, Weirdness & Mutations

You are partially covered in large bone plates. (SH +4)
You regenerate magic rapidly.


Message History

It was a potion of heal wounds.
You feel much better.
The orc wizard hits you with a +0 dagger.
Saving game... please wait.
Welcome back, ytrimaz the Demonspawn Berserker.
Trog says: Kill them all!
Press ? for a list of commands and other information.
You completely miss the orc. The orc hits you with a +0 club.
Unknown command.
Things that are here:
a +0 spear; a +0 club; a gnoll corpse The orc barely misses you.
A gnoll comes into view. It is wielding a +0 spear.
The orc hits you but does no damage.
The gnoll shouts!
The orc wizard casts a spell at you. The magic dart hits you.
The gnoll hits you from afar with a +0 spear.
The gnoll hits you with a +0 spear!
* * * LOW HITPOINT WARNING * * *
You block the orc's attack.
Unknown command.
The gnoll hits you with a +0 spear.
* * * LOW HITPOINT WARNING * * *
You block the gnoll's attack.
There is a stone staircase leading down here.
You feel much better. The orc barely misses you. The gnoll barely misses you.
The orc closely misses you. The gnoll hits you with a +0 spear.
The orc hits you with a +0 club. The gnoll hits you with a +0 spear.
The orc priest mumbles some strange prayers to Beogh against you.
Beogh smites you!
* * * LOW HITPOINT WARNING * * *
You climb downwards.
The ball python hisses angrily.
Found 14 bolts.
Found an escape hatch in the floor.
There is a stone staircase leading up here.
It was a potion of brilliance.
You feel clever all of a sudden. The orc hits you with a +0 club.
You die...

.
#####+####+##..
...............
.......o.....(.
.......@g......
...............
>...####.......
... ...S... #
....### ....#
..w.+ ....#


You could see a worm, a gnoll, an orc and a ball python.

Vanquished Creatures
  2 gnolls (D:3)
  2 adders (D:2)
  A dart slug (D:1)
  2 orcs (D:3)
  2 bats (D:1)
  4 endoplasms
  2 giant cockroaches (D:1)
  3 jackals (D:1)
  5 kobolds
  6 ball pythons
  2 frilled lizards (D:1)
  2 goblins (D:2)
33 creatures vanquished.

Notes
Turn   | Place    | Note
-------+----------+-------------------------------------------
     0 | D:1      | ytrimaz the Demonspawn Berserker began the quest for the
                  | Orb.
     0 | D:1      | Reached XP level 1. HP: 18/18 MP: 1/1
   511 | D:1      | Gained mutation: You are partially covered in large bone
                  | plates. (SH +4) [demonic ancestry]
   511 | D:1      | Reached XP level 2. HP: 17/24 MP: 2/2
  1620 | D:2      | Reached XP level 3. HP: 29/29 MP: 3/3
  2787 | D:3      | Gained mutation: You regenerate magic rapidly. [demonic
                  | ancestry]
  2787 | D:3      | Reached XP level 4. HP: 12/37 MP: 4/4
  2805 | D:4      | Slain by an orc

Illustrated notes

Levels and vault maps discovered:
D:1:      dpeg_arrival_rooms_a, layout_loops_corners
D:2:      layout_loops_corners
D:3:      layout_loops_ring, ebering_ghost_sewer_f,
          dreamdust_ecumenical_altar_angels_and_demons, eino_tiny_chamber
D:4:      layout_gridville, mainiacjoe_overflow_small_starburst,
          nzn_hepliaklqana_mist_gate, uniq_natasha

Skill      XL: |  1  2 |
---------------+-------+-----
Axes           | 3 |  3.6
Dodging        | 2 |  2.2
Fighting       | |  3.7
Armour         | |  1.8
Shields        | |  0.7

Action                   |  1- 3 |  4- 6 || total
-------------------------+-------+-------++-------
Melee: Hand axe          |   109 |     3 ||   112
Invok: Berserk           |     1 |       ||     1
  Use: Potion            |       |     3 ||     3
 Stab: Sleeping          |     1 |       ||     1
Armor: Animal skin       |    21 |     1 ||    22
Dodge: Dodged            |    76 |     4 ||    80
Block: Other             |    22 |     2 ||    24

Table legend: (Time is in decaauts)
 A = Elapsed time spent in this place.
 B = Non-inter-level travel time spent in this place.
 C = Inter-level travel time spent in this place.
 D = Time resting spent in this place.
 E = Time spent auto-exploring this place.
 F = Levels seen in this place.
 G = Mean time per level.
                   A        B        C        D        E       F      G
               +--------+--------+--------+--------+--------+-----+--------+
         Total |   2822 |   2740 |     82 |      0 |   2435 |   4 |  705.5 |
       Dungeon |   2822 |   2740 |     82 |      0 |   2435 |   4 |  705.5 |
               +--------+--------+--------+--------+--------+-----+--------+

Top non-repeatable levels by time:
     D:1: 1580 daAuts
     D:2: 1157 daAuts
     D:3: 82 daAuts
     D:4: 1 daAuts
